 Dungeon Crawl Stone Soup version 0.31-a0-182-gc5ef74bbde (webtiles) character file.

Game seed: 16425528437538594320

13633 qw the Cleaver (level 12, -19/83 HPs)
             Began as a Gargoyle Fighter on June 20, 2023.
             Was an Elder of Okawaru.
             Demolished by a spriggan defender simulacrum (35 damage)
             ... led by a necromancer
             ... on level 1 of the Abyss.
             The game lasted 00:05:11 (8339 turns).

qw the Cleaver (Gargoyle Fighter)                   Turns: 8339, Time: 00:05:12

Health: -19/83     AC: 30    Str: 22    XL:     12   Next: 8%
Magic:  15/17      EV: 11    Int: 13    God:    Okawaru [****..]
Gold:   244        SH:  6    Dex: 12    Spells: 11/11 levels left

rFire   + . .        Y - +3 war axe (drain)
rCold   . . .        c - +0 buckler
rNeg    + . .        s - +0 chain mail
rPois   inf          g - +0 helmet
rElec   +            f - +0 cloak
rCorr   .            l - +2 pair of gloves
SInv    .            x - +0 pair of boots
Will    .....        o - amulet of regeneration Stlth
                     (no ring)
HPRegen 1.93/turn    (no ring)
MPRegen 0.15/turn

%: no passive effects
@: about to teleport, heroic
A: sickness immunity, AC +8, negative energy resistance 1, electricity
resistance, torment resistance 1, petrification resistance, agile 1, clever 1,
fire resistance 1, regeneration 1, robust 1, shaggy fur 1
a: Renounce Religion, Heroism, Finesse


You were on level 1 of the Abyss.
You worshipped Okawaru.
Okawaru was greatly pleased with you.
You visited 3 branches of the dungeon, and saw 10 of its levels.
You visited the Abyss 1 time.
You also visited: Sewer.

You collected 618 gold pieces.
You spent 374 gold pieces at shops.


Innate Abilities, Weirdness & Mutations

You are immune to sickness and miasma.
Your stone body is resilient. (AC +8)
You are immune to poison.
You resist negative energy. (rN+)
You are resistant to electric shocks. (rElec)
You are resistant to unholy torment.
You are immune to petrification.
You are agile. (Dex +4, Str/Int -1)
Your mind is acute. (Int +4, Str/Dex -1)
Your flesh is heat resistant. (rF+)
Your natural rate of healing is unusually fast.
You are robust. (+10% HP)
You are covered in fur. (AC +1)


   Skills:
 - Level 9.0(14.0) Fighting
 - Level 13.1(18.1) Axes
 - Level 2.8(7.8) Throwing
 - Level 8.1(13.1) Armour
 - Level 2.2(7.2) Dodging
 + Level 6.0(11.0) Shields
 + Level 7.1 Invocations


You had 11 spell levels left.
You didn't know any spells.
Your spell library was empty.

Inventory:

Hand Weapons
 b - a +0 war axe
 m - the +7 hand axe "Waerid" {freeze, *Slow rN+ rCorr}
   (You found it on level 2 of the Dungeon)

   rN:        It protects you from negative energy.
   rCorr:     It protects you from acid and corrosion.
   *Slow:     It may slow you when you take damage.
 q - a +0 morningstar
 u - a +2 flail of holy wrath
 Y - a +3 war axe of draining (weapon)
Armour
 c - a +0 buckler (worn)
 f - a +0 cloak (worn)
 g - a +0 helmet (worn)
 l - a +2 pair of gloves (worn)
 s - a +0 chain mail (worn)
 t - the +1 robe "Yfiec" {+Blink rCorr Dex-5 Archmagi}
   (You bought it in a shop on level 7 of the Dungeon)

   Dex:       It affects your dexterity (-5).
   +Blink:    It lets you blink.
   rCorr:     It protects you from acid and corrosion.
   Archmagi:  It increases the power of your magical spells.
 v - a +3 ring mail of fire resistance
 x - a +0 pair of boots (worn)
Jewellery
 o - an amulet of regeneration (around neck)
 r - a ring of ice
Scrolls
 h - 4 scrolls of teleportation
 p - a scroll of identify
 A - a scroll of poison {unknown}
Potions
 a - a potion of attraction
 d - a potion of might
 e - 2 potions of heal wounds
 i - a potion of lignification
 j - 3 potions of curing
 k - 4 potions of haste
 n - 2 potions of mutation
 w - 3 potions of magic

Dungeon Overview and Level Annotations

Branches:
Dungeon (8/15)             Temple (1/1) D:6            Lair (1/5) D:8
  Sewer (visited)

Altars:
Ashenzari
Cheibriados
Dithmenos
Elyvilon
Fedhas
Gozag
Hepliaklqana
Makhleb
Nemelex Xobeh
Okawaru
Qazlal
Ru
Sif Muna
Trog
Vehumet
Wu Jian
Xom
Zin
The Shining One

Shops:
D:7 [   D:8 =

Portals:
Bailey: D:7

Annotations:
D:3 1 runed translucent door, Crazy Yiuf
Lair:1 Sonja


Message History

You slash the harpy simulacrum!
The harpy simulacrum is heavily damaged.
You block the harpy simulacrum's attack.
The harpy simulacrum completely misses you.
The harpy simulacrum claws you. The harpy simulacrum freezes you!
The harpy simulacrum claws you. The harpy simulacrum freezes you!!
8336 ||| INVOKING Heroism.
You gain the combat prowess of a mighty hero.
You block the harpy simulacrum's attack. x2
The spriggan defender skeleton hits you but does no damage.
The harpy simulacrum claws you but does no damage.
The harpy simulacrum barely misses you.
The spriggan defender skeleton hits you.
You slice the harpy simulacrum!!
The harpy simulacrum vaporises!
Okawaru accepts your kill.
You hit the necromancer. You drain the necromancer.
You slash the spriggan defender skeleton!
You hit the spriggan defender skeleton.
The necromancer hits you but does no damage.
You block the spriggan defender skeleton's attack.
Your base Shields skill increases to level 6!
You closely miss the necromancer.
The necromancer is moderately wounded.
You slash the spriggan defender skeleton!
You slash the spriggan defender simulacrum!
You slash the spriggan defender skeleton!
The spriggan defender skeleton hits you!
The spriggan defender simulacrum misses you.
The necromancer hits you but does no damage.
The spriggan defender skeleton hits you.
The spriggan defender skeleton barely misses you.
The spriggan defender simulacrum hits you but does no damage.
8339 ||| READING 5 scrolls of teleportation.
As you read the scroll of teleportation, it crumbles to dust.
You feel strangely unstable.
You feel the power of the Abyss delaying your translocation!
The spriggan defender simulacrum hits you.
The spriggan defender simulacrum freezes you!!
You die...

# ##. .#.## ## .
............##...
~ .
#.##..##..###.#.
#.##..##.....
...# ..#.......
....#.... #..
...(..#... . .##
##.##..##.#.### .
#..##..##.# . .
.. #..Z@Z...##..
.. . # #..ZpZ..##
## ## .#
#..##..### #...
#..# ..(. ....
..# ..... ..
#..## #..#


You could see a necromancer (drained), 2 spriggan defender simulacra and 2
spriggan defender skeletons.

Vanquished Creatures
  Erica (D:8)
  A glowing orange brain (Abyss:1)
  Pikel (D:8)
  4 elephants (Lair:1)
  An ice devil (Abyss:1)
  A hellwing (Abyss:1)
  2 ancient zymes (Abyss:1)
  A wyvern (D:8)
  7 yaks
  5 humans (D:7)
  2 steam dragons
  A harpy simulacrum (Abyss:1)
  Edmund (D:4)
  Menkaure (D:4)
  3 water moccasins
  3 sky beasts
  2 black bears
  An ice beast (D:5)
  4 centaurs
  2 small abominations (Abyss:1)
  3 kobold brigands
  9 bullfrogs
  2 gnoll sergeants
  2 scorpions
  4 wights
  17 killer bees (D:8)
  4 howler monkeys
  An electric eel (D:8)
  3 sleepcaps
  7 orc priests
  3 jellies
  Jessica (D:2)
  An iguana (D:7)
  Natasha (D:2)
  4 orc wizards
  8 gnolls
  5 adders
  2 white imps
  2 worms
  5 dart slugs
  45 orcs
  13 ball pythons
  4 bats
  8 endoplasms
  4 giant cockroaches
  10 goblins
  7 hobgoblins
  3 jackals (D:1)
  4 quokkas
  A frilled lizard (D:3)
  19 kobolds
  14 rats
260 creatures vanquished.

Vanquished Creatures (others)
  2 goblins (D:7)
2 creatures vanquished.

Grand Total: 262 creatures vanquished

Notes
Turn   | Place    | Note
-------+----------+-------------------------------------------
     0 | D:1      | qw the Gargoyle Fighter began the quest for the Orb.
     0 | D:1      | Reached XP level 1. HP: 14/14 MP: 1/1
     0 | D:1      | 0 ||| qw: Version: 0.3-a-9-g12657ce
     0 | D:1      | 0 ||| qw: Game counter: 1439
     0 | D:1      | 0 ||| qw: Always use a shield: true
     0 | D:1      | 0 ||| qw: God list: Okawaru
     0 | D:1      | 0 ||| qw: Allow faded altars: false
     0 | D:1      | 0 ||| qw: Do Orc after D:15 true
     0 | D:1      | 0 ||| qw: Do second Lair branch before Depths: true
     0 | D:1      | 0 ||| qw: Lair rune preference: random
     0 | D:1      | 0 ||| qw: Plans: Normal, Zot:1-4, Slime:5, God:TSO, Crypt,
                  | Tomb, Abyss, Pan, Hells, Win
     0 | D:1      | 0 ||| PLANNING D:1-11
    99 | D:1      | Reached skill level 2 in Axes
   155 | D:1      | Reached XP level 2. HP: 19/19 MP: 2/2
   424 | D:1      | Reached skill level 3 in Axes
   582 | D:1      | Reached XP level 3. HP: 23/23 MP: 3/3
   781 | D:1      | 781 ||| UPGRADING to +0 helmet.
   786 | D:1      | 786 ||| UPGRADING to +0 pair of gloves.
   791 | D:1      | 791 ||| READING scroll labelled VATEGH SUJAX.
   792 | D:1      | 792 ||| READING scroll labelled DUGIER SUG GUQ.
   793 | D:1      | 793 ||| READING scroll labelled COYHEI CUYD.
   796 | D:1      | 796 ||| READING scroll labelled KUMITHES TUDYB.
   862 | D:2      | 862 ||| Stepping ~*~*~tactically~*~*~ (stealth).
  1069 | D:2      | 1069 ||| Stepping ~*~*~tactically~*~*~ (hiding).
  1087 | D:2      | Reached XP level 4. HP: 28/28 MP: 4/4
  1141 | D:2      | Identified the +7 hand axe "Waerid" {freeze, *Slow rN+
                  | rCorr}
  1286 | D:2      | Found a faded altar of an unknown god.
  1316 | D:2      | Noticed Natasha
  1317 | D:2      | 1317 ||| Stepping ~*~*~tactically~*~*~ (hiding).
  1318 | D:2      | 1318 ||| Stepping ~*~*~tactically~*~*~ (hiding).
  1327 | D:2      | Killed Natasha
  1328 | D:2      | Reached skill level 4 in Axes
  1494 | D:2      | 1494 ||| Stepping ~*~*~tactically~*~*~ (hiding).
  1637 | D:2      | Noticed Jessica
  1641 | D:2      | Killed Jessica
  1642 | D:2      | Reached XP level 5. HP: 32/32 MP: 5/5
  1696 | D:2      | Reached skill level 5 in Axes
  1865 | D:2      | 1865 ||| DROPPING +0 club.
  1904 | D:2      | 1904 ||| READING scroll labelled TYDGHA URCHIMI.
  1905 | D:2      | 1905 ||| READING scroll labelled SANUGU AROIBEIG.
  1906 | D:2      | 1906 ||| READING scroll labelled NUSOUB RONKUEMM.
  1907 | D:2      | 1907 ||| DRINKING 2 white potions.
  1908 | D:2      | 1908 ||| DRINKING 3 viscous coppery potions.
  1909 | D:2      | 1909 ||| DRINKING 2 pink potions.
  1915 | D:2      | 1915 ||| DRINKING 2 amethyst potions.
  1934 | D:2      | 1934 ||| DRINKING 2 cyan potions.
  1935 | D:2      | 1935 ||| DROPPING 2 potions of brilliance.
  1936 | D:2      | 1936 ||| DROPPING potion of ambrosia.
  2202 | D:3      | Found a runed translucent door.
  2203 | D:3      | Noticed Crazy Yiuf
  2327 | D:3      | 2327 ||| Stepping ~*~*~tactically~*~*~ (stealth).
  2401 | D:3      | Found a bloodstained altar of Trog.
  2401 | D:3      | Found an ornate altar of the Wu Jian Council.
  2401 | D:3      | Found a sparkling altar of Nemelex Xobeh.
  2451 | D:3      | 2451 ||| Stepping ~*~*~tactically~*~*~ (stealth).
  2777 | D:3      | 2777 ||| UPGRADING to +0 cloak.
  2782 | D:3      | 2782 ||| READING scroll labelled AKIOGUFUOTH.
  2783 | D:3      | 2783 ||| READING scroll labelled GOABOI NUTI.
  2784 | D:3      | 2784 ||| DRINKING 2 glowing amethyst potions.
  2784 | D:3      | Gained mutation: You are robust. (+10% HP) [potion of
                  | mutation]
  2784 | D:3      | Gained mutation: You have hidden genetic potential. [potion
                  | of mutation]
  2784 | D:3      | Gained mutation: Your flesh is heat resistant. (rF+)
                  | [potion of mutation]
  2784 | D:3      | Gained mutation: You have great hidden genetic potential.
                  | [potion of mutation]
  2846 | D:4      | 2846 ||| PLANNING OSSUARY
  2901 | D:4      | Noticed Menkaure
  2902 | D:4      | 2902 ||| Stepping ~*~*~tactically~*~*~ (hiding).
  2911 | D:4      | Killed Menkaure
  2912 | D:4      | Reached XP level 6. HP: 22/41 MP: 6/6
  2935 | D:4      | Gained mutation: You are covered in fur. (AC +1) [hidden
                  | potential]
  3157 | D:4      | Noticed Edmund
  3174 | D:4      | Killed Edmund
  3175 | D:4      | Reached skill level 6 in Axes
  3175 | D:4      | Reached XP level 7. HP: 22/47 MP: 7/7
  3267 | D:4      | 3267 ||| DROPPING +0 flail.
  3321 | D:4      | Gained mutation: You are agile. (Dex +4, Str/Int -1)
                  | [hidden potential]
  3321 | D:4      | Lost mutation: You have great hidden genetic potential.
                  | [hidden potential expressed]
  3378 | D:4      | Found a snail-covered altar of Cheibriados.
  3565 | D:4      | 3565 ||| Stepping ~*~*~tactically~*~*~ (hiding).
  3578 | D:4      | 3578 ||| RIP OSSUARY
  3581 | D:4      | 3581 ||| PLANNING D:1-11
  3856 | D:4      | 3856 ||| UPGRADING to +0 chain mail.
  3866 | D:4      | 3866 ||| DROPPING +0 scale mail.
  3867 | D:4      | 3867 ||| UPGRADING to +0 pair of boots.
  3872 | D:4      | 3872 ||| UPGRADING to amulet of regeneration.
  3877 | D:4      | 3877 ||| READING scroll labelled LAKKIREIBEAN.
  3878 | D:4      | 3878 ||| READING scroll labelled TYASTR XUTUNN.
  3879 | D:4      | 3879 ||| DRINKING 2 brown potions.
  3880 | D:4      | 3880 ||| READING 2 scrolls of identify.
  3880 | D:4      | 3880 ||| IDENTIFYING silvery potion
  3912 | D:5      | Entered Level 5 of the Dungeon
  4022 | D:5      | 4022 ||| Stepping ~*~*~tactically~*~*~ (stealth).
  4023 | D:5      | 4023 ||| Stepping ~*~*~tactically~*~*~ (stealth).
  4024 | D:5      | 4024 ||| Stepping ~*~*~tactically~*~*~ (stealth).
  4025 | D:5      | 4025 ||| Stepping ~*~*~tactically~*~*~ (stealth).
  4191 | D:5      | Reached skill level 7 in Axes
  4191 | D:5      | Reached XP level 8. HP: 52/52 MP: 8/8
  4518 | D:5      | 4518 ||| READING 2 scrolls of identify.
  4518 | D:5      | 4518 ||| IDENTIFYING bubbling cyan potion
  4519 | D:5      | 4519 ||| DROPPING potion of degeneration.
  4551 | D:6      | 4551 ||| PLANNING SEWER
  4556 | D:6      | 4556 ||| Stepping ~*~*~tactically~*~*~ (stealth).
  4776 | D:6      | Gained mutation: Your natural rate of healing is unusually
                  | fast. [hidden potential]
  4803 | D:6      | 4803 ||| Stepping ~*~*~tactically~*~*~ (stealth).
  4827 | D:6      | Found a glowing golden altar of the Shining One.
  4878 | D:6      | 4878 ||| Stepping ~*~*~tactically~*~*~ (stealth).
  5002 | D:6      | 5002 ||| Stepping ~*~*~tactically~*~*~ (stealth).
  5016 | D:6      | 5016 ||| Stepping ~*~*~tactically~*~*~ (stealth).
  5036 | D:6      | Found a staircase to the Ecumenical Temple.
  5075 | D:6      | Reached skill level 8 in Axes
  5104 | D:6      | Found a glowing drain.
  5105 | D:6      | 5105 ||| READING scroll labelled RYFOVO ISEIF.
  5111 | D:6      | 5111 ||| READING 2 scrolls of identify.
  5111 | D:6      | 5111 ||| IDENTIFYING bubbling green potion
  5120 | Sewer    | Entered a sewer
  5264 | Sewer    | Reached skill level 6 in Fighting
  5322 | Sewer    | 5322 ||| Stepping ~*~*~tactically~*~*~ (hiding).
  5323 | Sewer    | 5323 ||| Stepping ~*~*~tactically~*~*~ (hiding).
  5439 | Sewer    | 5439 ||| READING scroll labelled ELUCSU ESAISA.
  5440 | Sewer    | 5440 ||| READING scroll labelled OXUAPP UCELATI.
  5455 | D:6      | 5455 ||| PLANNING TEMPLE
  5478 | Temple   | Entered the Ecumenical Temple
  5529 | Temple   | 5529 ||| PLANNING OKAWARU WORSHIP
  5629 | Temple   | Became a worshipper of Warmaster Okawaru
  5630 | Temple   | 5630 ||| PLANNING D:1-11
  5686 | D:6      | Found a glowing silver altar of Zin.
  6213 | D:7      | Found Wealitua's Armour Boutique.
  6215 | D:7      | 6215 ||| BUYING +1 robe "Yfiec" {+Blink rCorr Dex-5
                  | Archmagi} (374 gold).
  6215 | D:7      | Bought the +1 robe "Yfiec" {+Blink rCorr Dex-5 Archmagi}
                  | for 374 gold pieces
  6215 | D:7      | 6215 ||| SHOPLISTING +15 Maxwell's patent armour {-Cast
                  | -Tele rElec Will+ rCorr} (1383 gold, have 69).
  6215 | D:7      | 6215 ||| SHOPLISTING +2 helmet of intelligence (279 gold,
                  | have 69).
  6315 | D:7      | 6315 ||| Stepping ~*~*~tactically~*~*~ (hiding).
  6319 | D:7      | Found a flagged portal.
  6332 | D:7      | Reached XP level 9. HP: 60/60 MP: 9/9
  6361 | D:7      | Reached skill level 9 in Axes
  6367 | D:7      | Gained mutation: Your mind is acute. (Int +4, Str/Dex -1)
                  | [hidden potential]
  6367 | D:7      | Lost mutation: You have hidden genetic potential. [hidden
                  | potential expressed]
  6385 | D:7      | 6385 ||| Stepping ~*~*~tactically~*~*~ (hiding).
  6386 | D:7      | 6386 ||| Stepping ~*~*~tactically~*~*~ (hiding).
  6393 | D:7      | Reached * piety under Okawaru
  6416 | D:7      | Reached skill level 1 in Invocations
  6429 | D:7      | Reached skill level 3 in Invocations
  6443 | D:7      | 6443 ||| READING scroll of enchant weapon.
  6443 | D:7      | 6443 ||| ENCHANTING +1 war axe of draining.
  6472 | D:7      | Reached ** piety under Okawaru
  6494 | D:7      | 6494 ||| INVOKING Heroism.
  6624 | D:7      | 6624 ||| READING scroll of enchant armour.
  6624 | D:7      | 6624 ||| ENCHANTING +0 pair of gloves.
  6662 | D:7      | 6662 ||| INVOKING Heroism.
  6695 | D:7      | 6695 ||| READING scroll of enchant armour.
  6695 | D:7      | 6695 ||| ENCHANTING +1 pair of gloves.
  6729 | D:7      | Reached skill level 6 in Armour
  6732 | D:7      | 6732 ||| READING 2 scrolls of identify.
  6732 | D:7      | 6732 ||| IDENTIFYING metallic yellow potion
  6733 | D:7      | 6733 ||| DRINKING potion of experience.
  6733 | D:7      | Reached skill level 13 in Axes
  6733 | D:7      | Reached XP level 10. HP: 69/69 MP: 13/13
  6754 | D:8      | Found a staircase to the Lair.
  6828 | D:8      | 6828 ||| INVOKING Heroism.
  6859 | D:8      | Found a shimmering blue altar of Sif Muna.
  6860 | D:8      | 6860 ||| Stepping ~*~*~tactically~*~*~ (stealth).
  6870 | D:8      | 6870 ||| Stepping ~*~*~tactically~*~*~ (hiding).
  6872 | D:8      | 6872 ||| Stepping ~*~*~tactically~*~*~ (hiding).
  6885 | D:8      | 6885 ||| READING scroll of enchant weapon.
  6885 | D:8      | 6885 ||| ENCHANTING +2 war axe of draining.
  6900 | D:8      | Reached XP level 11. HP: 73/73 MP: 14/14
  6956 | D:8      | 6956 ||| Stepping ~*~*~tactically~*~*~ (stealth).
  6957 | D:8      | 6957 ||| Stepping ~*~*~tactically~*~*~ (stealth).
  6999 | D:8      | Noticed Pikel
  7000 | D:8      | 7000 ||| Stepping ~*~*~tactically~*~*~ (stealth).
  7015 | D:8      | Killed Pikel
  7015 | D:8      | Reached *** piety under Okawaru
  7114 | D:8      | 7114 ||| Stepping ~*~*~tactically~*~*~ (stealth).
  7119 | D:8      | 7119 ||| Stepping ~*~*~tactically~*~*~ (stealth).
  7202 | D:8      | Noticed Erica
  7203 | D:8      | 7203 ||| Stepping ~*~*~tactically~*~*~ (hiding).
  7204 | D:8      | 7204 ||| Stepping ~*~*~tactically~*~*~ (hiding).
  7206 | D:8      | 7206 ||| Stepping ~*~*~tactically~*~*~ (hiding).
  7207 | D:8      | 7207 ||| INVOKING Heroism.
  7216 | D:8      | 7216 ||| DRINKING 4 potions of curing.
  7216 | D:8      | 7216 ||| (to cure confusion)
  7218 | D:8      | Killed Erica
  7233 | D:8      | 7233 ||| Stepping ~*~*~tactically~*~*~ (stealth).
  7252 | D:8      | 7252 ||| Stepping ~*~*~tactically~*~*~ (hiding).
  7260 | D:8      | 7260 ||| Stepping ~*~*~tactically~*~*~ (hiding).
  7376 | D:8      | 7376 ||| Stepping ~*~*~tactically~*~*~ (hiding).
  7420 | D:8      | Found Tuhop's Jewellery Boutique.
  7426 | D:8      | 7426 ||| SHOPLISTING +5 ring of evasion (468 gold, have
                  | 181).
  7426 | D:8      | 7426 ||| SHOPLISTING +6 ring of dexterity (468 gold, have
                  | 181).
  7426 | D:8      | 7426 ||| SHOPLISTING ring of Ontiynt {+Blink rC+ rN+ Str+5
                  | Dex+4 Slay-4} (588 gold, have 181).
  7426 | D:8      | 7426 ||| SHOPLISTING ring of protection from cold (325
                  | gold, have 181).
  7528 | D:8      | Reached skill level 1 in Throwing
  7596 | D:8      | Reached **** piety under Okawaru
  7788 | D:8      | 7788 ||| PLANNING LAIR
  7788 | D:8      | 7788 ||| READING 2 scrolls of identify.
  7788 | D:8      | 7788 ||| IDENTIFYING lumpy cyan potion
  7789 | D:8      | 7789 ||| DROPPING potion of invisibility.
  7867 | Lair:1   | Entered Level 1 of the Lair of Beasts
  7873 | Lair:1   | 7873 ||| Stepping ~*~*~tactically~*~*~ (stealth).
  7874 | Lair:1   | 7874 ||| Stepping ~*~*~tactically~*~*~ (stealth).
  7875 | Lair:1   | 7875 ||| Stepping ~*~*~tactically~*~*~ (stealth).
  7941 | Lair:1   | Reached skill level 9 in Fighting
  8037 | Lair:1   | Reached ***** piety under Okawaru
  8125 | Lair:1   | 8125 ||| INVOKING Heroism.
  8131 | Lair:1   | Reached skill level 6 in Invocations
  8144 | Lair:1   | Noticed Sonja
  8145 | Lair:1   | 8145 ||| INVOKING Finesse.
  8146 | Lair:1   | 8146 ||| INVOKING Finesse.
  8147 | Lair:1   | 8147 ||| INVOKING Heroism.
  8153 | Abyss:1  | Found a corrupted altar of Lugonu.
  8153 | Abyss:1  | Cast into level 1 of the Abyss (Sonja)
  8221 | Abyss:1  | 8221 ||| INVOKING Heroism.
  8244 | Abyss:1  | 8244 ||| Stepping ~*~*~tactically~*~*~ (stealth).
  8245 | Abyss:1  | 8245 ||| Stepping ~*~*~tactically~*~*~ (stealth).
  8247 | Abyss:1  | 8247 ||| Stepping ~*~*~tactically~*~*~ (stealth).
  8249 | Abyss:1  | 8249 ||| Stepping ~*~*~tactically~*~*~ (stealth).
  8250 | Abyss:1  | 8250 ||| Stepping ~*~*~tactically~*~*~ (stealth).
  8252 | Abyss:1  | 8252 ||| Stepping ~*~*~tactically~*~*~ (stealth).
  8253 | Abyss:1  | 8253 ||| Stepping ~*~*~tactically~*~*~ (stealth).
  8254 | Abyss:1  | 8254 ||| Stepping ~*~*~tactically~*~*~ (stealth).
  8255 | Abyss:1  | 8255 ||| Stepping ~*~*~tactically~*~*~ (stealth).
  8266 | Abyss:1  | Received a gift from Okawaru
  8288 | Abyss:1  | Noticed a glowing orange brain
  8289 | Abyss:1  | 8289 ||| Stepping ~*~*~tactically~*~*~ (stealth).
  8290 | Abyss:1  | 8290 ||| Stepping ~*~*~tactically~*~*~ (stealth).
  8291 | Abyss:1  | 8291 ||| Stepping ~*~*~tactically~*~*~ (stealth).
  8292 | Abyss:1  | Found a corrupted altar of Lugonu.
  8293 | Abyss:1  | 8293 ||| Stepping ~*~*~tactically~*~*~ (stealth).
  8294 | Abyss:1  | 8294 ||| Stepping ~*~*~tactically~*~*~ (stealth).
  8295 | Abyss:1  | 8295 ||| Stepping ~*~*~tactically~*~*~ (stealth).
  8307 | Abyss:1  | Reached XP level 12. HP: 83/83 MP: 15/17
  8312 | Abyss:1  | 8312 ||| Stepping ~*~*~tactically~*~*~ (stealth).
  8328 | Abyss:1  | 8328 ||| Stepping ~*~*~tactically~*~*~ (stealth).
  8336 | Abyss:1  | 8336 ||| INVOKING Heroism.
  8338 | Abyss:1  | Reached skill level 6 in Shields
  8338 | Abyss:1  | HP: 20/83 [spriggan defender skeleton[a necromancer] (4)]
  8339 | Abyss:1  | 8339 ||| READING 5 scrolls of teleportation.
  8339 | Abyss:1  | Demolished by a spriggan defender simulacrum

Levels and vault maps discovered:
D:1:      ncdulo_lavacross, layout_basic
D:2:      layout_loops_ring, dreamdust_ecumenical_altar_angels_and_demons,
          minmay_tall_x, uniq_jessica, uniq_natasha
D:3:      layout_loops_ring, gammafunk_temple_overflow_claw,
          uniq_crazy_yiuf_cottage
D:4:      wad_lake_hut, layout_cave_pools,
          mainiacjoe_overflow_concentric_impassable,
          lightli_ossuary_entry_decrepit_ruins, dk_vineyard_2,
          kennysheep_orc_chapel, uniq_menkaure, uniq_edmund
D:5:      layout_loops_ring, serial_bayou_lagoon_b
D:6:      layout_layer_cave, nicolae_tso_carved_into_rock, zin_scriptorium,
          minmay_temple_entry_mini_moons, cheibrodos_sewer_entry_drain
D:7:      layout_rooms, serial_shops, shop, enter_bailey_5, minmay_ruffians
D:8:      layout_loops_corners, mainiacjoe_overflow_small_starburst,
          lair_entry_dummy, serial_shops, shop, grunt_ministairs_5,
          serial_bayou_pond_b, wad_rectangle_vault, uniq_erica, uniq_pikel
Temple:   hellmonk_temple_flake
Lair:1:   layout_regular_city, uniq_sonja
Abyss:1:  base:
D:4

Skill      XL: |  1  2  3  4  5  6  7  8  9 10 11 12 |
---------------+-------------------------------------+-----
Axes           | 2 3 4 5 6 7 8 13 | 13.1
Fighting       | 4 6 7 9 |  9.0
Dodging        | 2 |  2.2
Armour         | 4 5 6 8 |  8.1
Shields        | 4 5 6 |  6.0
Invocations    | 4 6 7 |  7.1
Throwing       | 2 |  2.8

Action                     |  1- 3 |  4- 6 |  7- 9 | 10-12 || total
---------------------------+-------+-------+-------+-------++-------
  Melee: War axe           |   109 |   104 |   293 |   259 ||   765
  Throw: Boomerang         |       |       |     2 |    31 ||    33
         Javelin           |       |       |       |     3 ||     3
 Invoke: Heroism           |       |       |     2 |     6 ||     8
         Finesse           |       |       |       |     1 ||     1
    Use: Scroll            |     4 |     5 |    12 |     3 ||    24
         Potion            |       |     6 |     2 |     1 ||     9
 Armour: Scale mail        |    49 |    47 |    14 |       ||   110
         Chain mail        |       |       |   148 |   173 ||   321
  Dodge: Dodged            |    52 |    39 |   118 |   104 ||   313
  Block: Buckler           |    18 |    18 |    52 |    83 ||   171

Table legend:
 A = Non-vault XP
 B = Vault XP
 C = Vault XP percentage of total XP
 D = Non-vault monster count
 E = Vault monster count
 F = Vault count percentage of total count
                 A         B        C        D         E       F
            +---------+---------+-------+---------+---------+-------
      Total |   10655 |    4495 |  29.7 |     195 |      65 |  25.0
            +---------+---------+-------+---------+---------+-------
        D:1 |      34 |       0 |   0.0 |      22 |       0 |   0.0
        D:2 |     102 |     104 |  50.5 |      28 |       6 |  17.6
        D:3 |      73 |       0 |   0.0 |      11 |       0 |   0.0
        D:4 |     242 |     417 |  63.3 |      15 |       7 |  31.8
        D:5 |     376 |       0 |   0.0 |      13 |       0 |   0.0
        D:6 |     568 |       5 |   0.9 |      20 |       3 |  13.0
        D:7 |    1262 |     979 |  43.7 |      23 |       7 |  23.3
        D:8 |    1844 |    2757 |  59.9 |      39 |      19 |  32.8
     Lair:1 |    3512 |       0 |   0.0 |      14 |       0 |   0.0
    Abyss:1 |    2642 |       0 |   0.0 |      10 |       0 |   0.0
      Sewer |       0 |     233 | 100.0 |       0 |      23 | 100.0
            +---------+---------+-------+---------+---------+-------
